 Dungeon Crawl Stone Soup version 0.29.1-13-g9f3cf754e1 (webtiles) character file.

Game seed: 142809307692575459

32 flickminster the Trooper (level 3, -6/43 HPs)
             Began as a Demonspawn Abyssal Knight on Feb 5, 2023.
             Was a Believer of Lugonu.
             Killed from afar by Ijyb (8 damage)
             ... with a bolt of light
             ... on level 3 of the Dungeon.
             The game lasted 00:08:25 (3075 turns).

flickminster the Trooper (DsAK)                     Turns: 3075, Time: 00:08:26

Health: -6/43      AC:  9    Str: 13    XL:     3   Next: 10%
Magic:  5/5        EV: 11    Int: 11    God:    Lugonu [**....]
Gold:   64         SH:  0    Dex: 15    Spells: 2/2 levels left

rFire   . . .      SeeInvis .   a - +1 short sword
rCold   . . .      Faith    .   (no shield)
rNeg    . . .      Spirit   .   b - +0 leather armour
rPois   .          Reflect  .   (helmet restricted)
rElec   .          Harm     .   (no cloak)
rCorr   .          Rampage  .   (no gloves)
Will    .....                   (no boots)
Stlth   ..........              (no amulet)
HPRegen 0.14/turn               (no ring)
MPRegen 0.09/turn               (no ring)

@: berserking, sanguine armoured, very quick
A: antennae 1, sanguine armour 1
a: Renounce Religion, Depart the Abyss, Bend Space


You were on level 3 of the Dungeon.
You worshipped Lugonu.
Lugonu was pleased with you.
You visited 1 branch of the dungeon, and saw 3 of its levels.
You visited the Abyss 1 time.

You collected 64 gold pieces.

Inventory:

Hand Weapons
 a - a +1 short sword (weapon)
Armour
 b - a +0 leather armour (worn)
 l - a +0 leather armour
Jewellery
 k - a ring of protection from cold
 p - a ring of wizardry
Scrolls
 c - a scroll of amnesia {unknown}
 e - 2 scrolls of identify {unknown}
 h - 3 scrolls of teleportation {unknown}
 i - a scroll of silence {unknown}
 r - 2 scrolls of fog {unknown}
Potions
 d - a potion of cancellation {unknown}
 f - a potion of curing {unknown}
 g - a potion of berserk rage
 j - a potion of resistance {unknown}
 m - a potion of brilliance {unknown}
 n - a potion of lignification {unknown}
 o - 2 potions of mutation {unknown}
 q - a potion of degeneration {unknown}


   Skills:
 + Level 3.2 Fighting
 + Level 2.1 Short Blades
 - Level 2.0 Armour
 + Level 1.3 Dodging
 + Level 0.4 Spellcasting
 + Level 3.0 Invocations


You had 2 spell levels left.
You didn't know any spells.
Your spell library contained the following spells:

 Spells                   Type           Power      Damage    Failure   Level
 Summon Small Mammal      Summ           0%         N/A       41%         1
 Call Canine Familiar     Summ           0%         N/A       78%         3
 Summon Guardian Golem    Hex/Summ       0%         N/A       78%         3
 Cause Fear               Hex            0%         N/A       99%         4
 Dragon Form              Tmut           0%         N/A       100%        7
 Dragon's Call            Summ           0%         N/A       100%        9


Dungeon Overview and Level Annotations

Branches:
Dungeon (3/15)

Altars:

Shops:
D:2 =   D:3 [

Annotations:
D:3 Ijyb


Innate Abilities, Weirdness & Mutations

You have a pair of small antennae on your head.
When seriously injured, your blood forms armour. (AC +6)


Message History

Found a viscous dark potion and a leather armour.
Found a stone staircase leading up.
q - a viscous dark potion A ball python comes into view.
Found 5 stones.
The ball python hisses angrily.
The ball python bites you but does no damage.
The ball python grabs you. The ball python constricts you.
The ball python bites you. The ball python constricts you.
You hit the ball python.
You kill the ball python!
Lugonu accepts your kill.
HP restored.
There is a stone staircase leading up here.
Found Kemoza's Antique Armour Emporium.
Found 2 scrolls labelled EGUFEI NOHISS.
r - 2 scrolls labelled EGUFEI NOHISS
Found a stone staircase leading up.
There is an entrance to Kemoza's Antique Armour Emporium here.
Ijyb the Twisted Goblin comes into view.
She is wielding a +4 spectral club and carrying a wand of light (10).
Found 10 gold pieces.
Ijyb shouts!
You hear a shout!
You hear an angry hiss.
A rat comes into view.
Ijyb zaps a wand.
The bolt of light hits you!
Ouch! That really hurt!
Your blood congeals into armour.
Ijyb screams, "Me very upset!"
Ijyb zaps a wand.
The bolt of light misses you.
A goblin comes into view.
It is wielding a +1 dagger of protection.
The goblin shouts!
A frilled lizard comes into view.
Ijyb zaps a wand.
The bolt of light hits you!
* * * LOW HITPOINT WARNING * * *
Ijyb screams, "You nasty!
Big nasty!"
Ijyb screams, "It's all mine!"
It was a potion of berserk rage.
A red film seems to cover your vision as you go berserk!
You feel yourself moving faster!
You feel mighty!
Ijyb zaps a wand.
The bolt of light hits you!
You die...

#.....#.......#
#.......##.# #.##.##.##.# #
#.##.##.##.# . #.##.##.##.#
.# . #.##.##.##.##.##..#
########.##..............#
##.....##<#####l......###.#
#..###.......@grg.....#
##(.##........######..##
#......8#8.#### #..#
#.####.#[#.# #....
#.####.8#8.# #.$...
#..##......# #.#g###
##.#..###### .#.# #...##
.... #####


You could see Ijyb, a goblin, a frilled lizard and a rat.

Vanquished Creatures
  A worm (D:2)
  2 dart slugs (D:1)
  4 ball pythons
  A bat (D:2)
  5 endoplasms
  A giant cockroach (D:2)
  2 goblins
  A hobgoblin (D:2)
  2 quokkas
  2 frilled lizards (D:2)
  2 rats
23 creatures vanquished.

Notes
Turn   | Place    | Note
-------+----------+-------------------------------------------
     0 | Abyss:1  | flickminster the Demonspawn Abyssal Knight began the quest
                  | for the Orb.
     0 | Abyss:1  | Reached XP level 1. HP: 18/18 MP: 2/2
     3 | Abyss:1  | Found a corrupted altar of Lugonu.
    20 | D:1      | Escaped the Abyss
   483 | D:1      | Reached skill level 1 in Dodging
   653 | D:1      | Gained mutation: When seriously injured, your blood forms
                  | armour. (AC +6) [demonic ancestry]
   653 | D:1      | Reached XP level 2. HP: 18/24 MP: 2/4
  2043 | D:2      | Found Neasm's Jewellery Shoppe.
  2246 | D:2      | Gained mutation: You have a pair of small antennae on your
                  | head. [demonic ancestry]
  2246 | D:2      | Reached XP level 3. HP: 26/29 MP: 5/5
  3044 | D:3      | Found Kemoza's Antique Armour Emporium.
  3063 | D:3      | Noticed Ijyb
  3067 | D:3      | HP: 1/29 [Ijyb/bolt of light (13)]
  3075 | D:3      | Killed from afar by Ijyb

Illustrated notes

Levels and vault maps discovered:
D:1:      amcnicky_arrival_underground_garden, layout_basic, chequers_big_river
D:2:      layout_loops_corners, serial_shops, nicolae_shop_stone,
          amcnicky_mini_corridor_feature, grunt_ministairs_9
D:3:      layout_loops_ring, lemuel_doored_altar, serial_shops, shop,
          minmay_statues_item, uniq_ijyb

Skill      XL: |  1  2 |
---------------+-------+-----
Dodging        | 1 |  1.3
Short Blades   | 2 |  2.1
Armour         | 2 |  2.0
Invocations    | 3 |  3.0
Fighting       | |  3.2
Spellcasting   | |  0.4

Action                   || total
-------------------------++-------
Melee: Short sword       ||    94
       Punch             ||     1
Invok: Bend Space        ||     3
  Use: Potion            ||     1
 Stab: Sleeping          ||     2
Armor: Leather armour    ||    21
Dodge: Dodged            ||    51
